 Dungeon Crawl Stone Soup version 0.31-a0-246-g8cbcc1cb85 (webtiles) character file.

Game seed: 18021808206253231568

6356 Vomitron the Geomancer (level 10, -1/60 HPs)
             Began as a Gargoyle Earth Elementalist on July 12, 2023.
             Was a Believer of Vehumet.
             Slain by an unseen horror (8 damage)
             ... on level 10 of the Dungeon.
             The game lasted 00:22:30 (9851 turns).

Vomitron the Geomancer (GrEE)                       Turns: 9851, Time: 00:22:31

Health: -1/60      AC: 11    Str: 12    XL:     10   Next: 96%
Magic:  20/20      EV: 10    Int: 20    God:    Vehumet [**....]
Gold:   538        SH: 14    Dex: 10    Spells: 13/23 levels left

rFire   + + .        l - +1 long sword (elec)
rCold   + . .        d - +0 kite shield of Wonder {Drain rF+ rC+ rCorr}
rNeg    + . .        a - +0 robe
rPois   ∞            (no helmet)
rElec   +            c - +0 cloak
rCorr   +            G - +0 pair of gloves
SInv    .            (no boots)
Will    .....        j - amulet of reflection
Stlth   ++           x - ring of protection from fire
HPRegen 0.30/turn    (no ring)
MPRegen 0.17/turn

%: reflection
@: no status effects
A: sickness immunity, AC +7, negative energy resistance 1, electricity
resistance, torment resistance 1, petrification resistance
a: Renounce Religion


You were on level 10 of the Dungeon.
You worshipped Vehumet.
Vehumet was pleased with you.
You visited 2 branches of the dungeon, and saw 11 of its levels.

You collected 574 gold pieces.
You spent 36 gold pieces at shops.

Inventory:

Hand Weapons
 e - a +0 dagger
 l - a +1 long sword of electrocution (weapon)
 n - the +3 short sword of Kindness {heavy, rPois Int-2 Dex+8 Stlth-}
   (You found it on level 2 of the Dungeon)

   Int:       It affects your intelligence (-2).
   Dex:       It affects your dexterity (+8).
   rPois:     It protects you from poison.
   Stlth:     It makes you less stealthy.
 s - the +4 rapier of Xyesan {heavy, rN+}
   (You found it on level 4 of the Dungeon)

   rN:        It protects you from negative energy.
 B - a +0 whip of freezing
Missiles
 I - 2 throwing nets
Armour
 a - a +0 robe (worn)
 c - a +0 cloak (worn)
 d - the +0 kite shield of Wonder (worn) {Drain rF+ rC+ rCorr}
   (You acquired it on level 6 of the Dungeon)

   rF:        It protects you from fire.
   rC:        It protects you from cold.
   rCorr:     It protects you from acid and corrosion.
   Drain:     It drains your maximum health when unequipped.
 G - a +0 pair of gloves (worn)
 N - a +0 troll leather armour
Jewellery
 j - an amulet of reflection (around neck)
 x - a ring of protection from fire (left hand)
 L - a ring of ice
Wands
 A - a wand of roots (14)
 E - a wand of flame (11)
 H - a wand of polymorph (18)
 J - a wand of light (3)
Scrolls
 g - 4 scrolls of teleportation
 h - 3 scrolls of fog
 o - 2 scrolls of poison
 p - 7 scrolls of identify
 r - 5 scrolls of fear
 t - 3 scrolls of revelation
 u - a scroll of silence {unknown}
 y - a scroll of enchant armour {unknown}
 D - a scroll of butterflies
 K - a scroll of vulnerability {unknown}
Potions
 b - a potion of magic
 f - 4 potions of curing
 i - 3 potions of berserk rage
 k - a potion of resistance
 m - 4 potions of invisibility
 q - 5 potions of might
 v - 2 potions of heal wounds
 w - 2 potions of haste {unknown}
 z - 3 potions of mutation
 C - a potion of brilliance {unknown}
 F - 3 potions of enlightenment {unknown}
 M - a potion of attraction {unknown}


   Skills:
 - Level 6.2 Fighting
 - Level 1.6 Dodging
 - Level 2.2 Stealth
 + Level 5.7 Shields
 + Level 7.0 Spellcasting
 + Level 7.6 Conjurations
 - Level 3.5 Translocations
 - Level 0.8 Transmutations
 + Level 3.8 Fire Magic
 + Level 10.1 Earth Magic


You had 13 spell levels left.
You knew the following spells:

 Your Spells              Type           Power      Damage    Failure   Level
a - Sandblast             Erth           94%        2d19      1%          1
b - Stone Arrow           Conj/Erth      84%        3d12      2%          3
c - Blink                 Tloc           42%        N/A       11%         2
d - Foxfire               Conj/Fire      100%       2x1d9     3%          1
e - Volatile Blastmotes   Fire/Tloc      42%        2d13      21%         3

Your spell library contained the following spells:

 Spells                   Type           Power      Damage    Failure   Level
 Hailstorm                Conj/Ice       22%        3d7       19%         3
 Momentum Strike          Conj/Tloc      58%        3d9       4%          2
 Passwall                 Tmut/Erth      24%        N/A       4%          2
 Static Discharge         Conj/Air       44%        2-4/arc   10%         2
 Lesser Beckoning         Tloc           42%        N/A       11%         2
 Dazzling Flash           Conj/Hex       44%        N/A       19%         3
 Petrify                  Tmut/Erth      29%        N/A       32%         4
 Airstrike                Air            3%         2d(1-17)  97%         4
 Summon Lightning Spire   Summ/Air       7%         N/A       97%         4
 Starburst                Conj/Fire      15%        6d6       99%         6
 Plasma Beam              Fire/Air       7%         2x1d17    100%        6
 Maxwell's Capacitive Co  Air            3%         ∞         100%        8


Dungeon Overview and Level Annotations

Branches:
Dungeon (10/15)            Temple (1/1) D:6
   Lair: D:8-11         Orc: D:9-12

Altars:
Ashenzari
Cheibriados
Dithmenos
Elyvilon
Fedhas
Gozag
Hepliaklqana
Kikubaaqudgha
Makhleb
Okawaru
Qazlal
Ru
Sif Muna
Trog
Uskayaw
Vehumet
Wu Jian
Xom
Yredelemnul
Zin
The Shining One

Shops:
D:6 ?   D:10 *

Annotations:
D:5 1 runed translucent door, Crazy Yiuf


Innate Abilities, Weirdness & Mutations

You are immune to sickness and miasma.
Your stone body is resilient. (AC +7)
You are immune to poison.
You resist negative energy. (rN+)
You are resistant to electric shocks. (rElec)
You are resistant to unholy torment.
You are immune to petrification.


Message History

Unknown command.
You barely miss something. Something hits you! Something hits you.
You swing at nothing.
You block something's attack. Something hits you but does no damage.
You swing at nothing.
You hit something. Something hits you but does no damage. Something hits you.
You hit something but do no damage. You block something's attack.
Something hits you but does no damage. Something hits you.
You swing at nothing.
Something hits you.
You swing at nothing.
You block something's attack.
You swing at nothing.
Something completely misses you. Something hits you.
You swing at nothing.
Something hits you but does no damage.
You swing at nothing.
Something hits you.
You swing at nothing.
Something hits you but does no damage.
You swing at nothing.
You block something's attack.
You swing at nothing.
Something hits you!
You swing at nothing.
Something hits you but does no damage. You block something's attack.
Something hits you but does no damage. Something hits you but does no damage.
Something hits you. Something hits you but does no damage.
You block something's attack. x2; Something hits you but does no damage.
You hit something but do no damage. Lightning courses through something!
Something hits you.
You barely miss something. Something hits you! Something hits you.
* * * LOW HITPOINT WARNING * * *
Something hits you.
* * * LOW HITPOINT WARNING * * *
Something hits you.
* * * LOW HITPOINT WARNING * * *
You closely miss something.
Something hits you but does no damage. x2
You closely miss something. Something hits you but does no damage.
You closely miss something. Something hits you.
* * * LOW HITPOINT WARNING * * *
Something hits you but does no damage.
Casting: Sandblast (safe; 1% risk of failure)
Confirm with . or Enter, or press ? or * to list all spells.
You don't know that spell.
Something hits you!
You die...

.# #####.######## .#
#.######## (# #.........
.########.########
#..#########.#........#######
#............#.###..........#
##.∩...............##.#####..
##########.#########.#
#..@........# #############


There were no monsters in sight!

Vanquished Creatures
  2 two-headed ogres (D:9)
  Pikel (D:5)
  2 molten gargoyles (D:10)
  A gargoyle (D:9)
  2 trolls
  A hornet (D:7)
  Sigmund (D:5)
  A wraith (D:7)
  A steam dragon (D:7)
  2 acid dragons (D:9)
  A water moccasin (D:7)
  2 orc warriors
  An ogre (D:5)
  A black bear (D:7)
  3 centaurs
  Blork the orc (D:4)
  A kobold brigand (D:6)
  2 gnoll sergeants
  3 bullfrogs
  A scorpion (D:5)
  4 wights (D:7)
  A centaur zombie (D:8)
  A lava snake (D:10)
  4 jellies
  2 gnoll boudas (D:7)
  4 orc priests
  4 hounds
  3 iguanas
  A sleepcap (D:5)
  Terence (D:2)
  Natasha (thrice) (D:2)
  6 orc wizards
  A killer bee zombie (D:8)
  5 adders
  18 gnolls
  2 white imps
  An ufetubus (D:7)
  3 worms
  3 dart slugs
  34 orcs
  6 endoplasms
  6 giant cockroaches
  4 hobgoblins
  13 kobolds
  3 quokkas
  7 ball pythons
  7 bats
  3 frilled lizards
  9 goblins
  A rat (D:3)
190 creatures vanquished.

Vanquished Creatures (others)
  15 foxfires
15 creatures vanquished.

Grand Total: 205 creatures vanquished

Notes
Turn   | Place    | Note
-------+----------+-------------------------------------------
     0 | D:1      | Vomitron the Gargoyle Earth Elementalist began the quest
                  | for the Orb.
     0 | D:1      | Reached XP level 1. HP: 10/10 MP: 3/3
   178 | D:1      | Reached XP level 2. HP: 14/15 MP: 5/5
   312 | D:1      | Reached skill level 4 in Earth Magic
   868 | D:2      | Reached skill level 1 in Fighting
   868 | D:2      | Reached XP level 3. HP: 20/20 MP: 1/6
   919 | D:2      | Noticed Natasha
   925 | D:2      | Killed Natasha
   984 | D:2      | Learned a level 3 spell: Stone Arrow
  1043 | D:2      | Reached XP level 4. HP: 25/25 MP: 4/7
  1046 | D:2      | Noticed Natasha
  1074 | D:2      | Killed Natasha
  1147 | D:2      | Reached skill level 5 in Earth Magic
  1322 | D:2      | Noticed Terence
  1329 | D:2      | Killed Terence
  1330 | D:2      | Reached skill level 1 in Conjurations
  1330 | D:2      | Reached XP level 5. HP: 30/30 MP: 3/9
  1396 | D:2      | Noticed Natasha
  1401 | D:2      | Killed Natasha
  1643 | D:2      | Identified the +3 short sword of Kindness {heavy, rPois
                  | Int-2 Dex+8 Stlth-}
  2028 | D:3      | Found a shimmering blue altar of Sif Muna.
  2142 | D:3      | Found a stormy altar of Qazlal.
  2444 | D:3      | Found a faded altar of an unknown god.
  2516 | D:4      | Identified the +4 rapier of Xyesan {heavy, rN+}
  2565 | D:4      | Noticed Blork the orc
  2574 | D:4      | Killed Blork the orc
  2575 | D:4      | Reached XP level 6. HP: 24/36 MP: 0/10
  2690 | D:4      | Reached skill level 6 in Earth Magic
  2706 | D:4      | Learned a level 2 spell: Blink
  3233 | D:4      | Found a glowing golden altar of the Shining One.
  3238 | D:4      | Found a white marble altar of Elyvilon.
  3490 | D:4      | Found a blossoming altar of Fedhas.
  3604 | D:5      | Entered Level 5 of the Dungeon
  3824 | D:5      | Noticed Sigmund
  3826 | D:5      | Killed Sigmund
  3827 | D:5      | Reached skill level 1 in Translocations
  3827 | D:5      | Reached XP level 7. HP: 41/41 MP: 4/12
  3937 | D:5      | Noticed Pikel
  3949 | D:5      | Killed Pikel
  3950 | D:5      | Reached skill level 7 in Earth Magic
  3950 | D:5      | Reached XP level 8. HP: 32/48 MP: 3/14
  4210 | D:5      | Found a runed translucent door.
  4211 | D:5      | Noticed Crazy Yiuf
  4713 | D:5      | Learned a level 1 spell: Foxfire
  5134 | D:6      | Found a staircase to the Ecumenical Temple.
  5148 | Temple   | Entered the Ecumenical Temple
  5347 | Temple   | Became a worshipper of Vehumet
  5536 | D:6      | Reached skill level 5 in Fighting
  5919 | D:6      | Reached * piety under Vehumet
  5919 | D:6      | Offered knowledge of Freeze by Vehumet.
  5920 | D:6      | Reached XP level 9. HP: 52/54 MP: 11/16
  6005 | D:6      | Found Usaadik's Magic Scroll Shop.
  6013 | D:6      | Bought a scroll of teleportation for 36 gold pieces
  6022 | D:6      | Identified a scroll of acquirement
  6022 | D:6      | Acquired the +0 kite shield of Wonder {Drain rF+ rC+ rCorr}
  6227 | D:7      | Reached skill level 5 in Spellcasting
  6227 | D:7      | Reached skill level 5 in Conjurations
  6278 | D:7      | Reached skill level 1 in Shields
  6281 | D:7      | Reached skill level 8 in Earth Magic
  6289 | D:7      | Noticed a hornet
  6597 | D:7      | Killed a hornet
  7392 | D:8      | Offered knowledge of Shock by Vehumet.
  7397 | D:8      | Learned a level 3 spell: Volatile Blastmotes
  7536 | D:8      | Reached ** piety under Vehumet
  7537 | D:8      | Reached skill level 9 in Earth Magic
  7764 | D:8      | Reached XP level 10. HP: 60/60 MP: 13/18
  7767 | D:8      | Reached skill level 1 in Fire Magic
  7895 | D:8      | Identified the +9 dagger "Gunaeck" {antimagic, *Noise Drain
                  | rCorr Dex+9 SInv}
  7983 | D:8      | Found a basalt altar of Yredelemnul.
  8776 | D:9      | Noticed a two-headed ogre
  8780 | D:9      | Killed a two-headed ogre
  8858 | D:9      | Noticed a two-headed ogre
  8863 | D:9      | Killed a two-headed ogre
  8864 | D:9      | Reached skill level 5 in Shields
  9016 | D:9      | Noticed a gargoyle
  9022 | D:9      | Killed a gargoyle
  9206 | D:10     | Entered Level 10 of the Dungeon
  9432 | D:10     | Noticed a molten gargoyle
  9527 | D:10     | Noticed a molten gargoyle
  9531 | D:10     | Noticed a molten gargoyle
  9547 | D:10     | Killed a molten gargoyle
  9548 | D:10     | Reached skill level 10 in Earth Magic
  9641 | D:10     | Noticed a molten gargoyle
  9672 | D:10     | Killed a molten gargoyle
  9672 | D:10     | Offered knowledge of Hailstorm by Vehumet.
  9813 | D:10     | Found Woddaul's General Store.
  9851 | D:10     | Slain by an unseen horror

Illustrated notes

Levels and vault maps discovered:
D:1:      ebering_trefoil_3fold, layout_loops_ring, serial_park_tiny_pond,
          hex_medium, serial_bayou_pond_e
D:2:      minmay_door_path, layout_basic, uniq_terence, uniq_natasha
D:3:      layout_loops_ring, mainiacjoe_overflow_concentric_impassable,
          lemuel_blue_sif_altar, shapermc_ecumenical_altar_pompeii
D:4:      layout_basic, fedhas_altar_decomposition, minitemple,
          kennysheep_generic_room_13, uniq_blork_the_orc
D:5:      minmay_opposing_rooms, layout_basic, bh_walls_and_bars,
          uniq_crazy_yiuf_cottage, uniq_sigmund, uniq_pikel
D:6:      layout_cave_pools, minmay_temple_entry_hall, serial_shops,
          nicolae_shop_tiny_glass
D:7:      layout_rooms
D:8:      layout_gridville, lemuel_zombie_altar_yredelemnul
D:9:      layout_long_grid, kennysheep_generic_room_11
D:10:     layout_loops_ring, nemelex_spade_bored_becter, serial_shops, shop,
          roderic_batcave, minivault_8
Temple:   nicolae_temple_bog_church

Skill      XL: |  1  2  3  4  5  6  7  8  9 10 |
---------------+-------------------------------+-----
Earth Magic    | 4 5 6 7 9 10 | 10.1
Fighting       | 1 2 3 4 5 6 |  6.2
Conjurations   | 1 2 3 4 6 7 |  7.6
Spellcasting   | 3 4 5 7 |  7.0
Translocations | 1 2 3 |  3.5
Shields        | 3 5 |  5.7
Fire Magic     | 3 |  3.8
Dodging        | |  1.6
Stealth        | |  2.2
Transmutations | |  0.8

Action                     |  1- 3 |  4- 6 |  7- 9 | 10-12 || total
---------------------------+-------+-------+-------+-------++-------
  Melee: Unarmed           |    16 |       |       |       ||    16
         Dagger            |    10 |       |       |       ||    10
         Long sword        |       |    22 |    21 |     8 ||    51
         Rapier            |       |    15 |       |       ||    15
   Cast: Sandblast         |    30 |    41 |   112 |    37 ||   220
         Stone Arrow       |       |     6 |    49 |    35 ||    90
         Foxfire           |       |       |     9 |     1 ||    10
         Blink             |       |       |     1 |       ||     1
         Volatile Blastmot |       |       |       |     3 ||     3
    Use: Scroll            |       |       |    14 |       ||    14
         Potion            |       |       |     1 |       ||     1
   Stab: Sleeping          |     1 |     1 |     1 |       ||     3
 Armour: Robe              |    23 |    19 |    32 |    21 ||    95
  Dodge: Dodged            |    28 |    23 |    66 |    13 ||   130
  Block: Other             |       |       |    24 |       ||    24
         Reflection        |       |       |     4 |     2 ||     6
         Kite shield       |       |       |       |    24 ||    24

Table legend: (Time is in decaauts)
 A = Elapsed time spent in this place.
 B = Non-inter-level travel time spent in this place.
 C = Inter-level travel time spent in this place.
 D = Time resting spent in this place.
 E = Time spent auto-exploring this place.
 F = Levels seen in this place.
 G = Mean time per level.
                   A        B        C        D        E       F      G
               +--------+--------+--------+--------+--------+-----+--------+
         Total |  10036 |   9575 |    461 |   1010 |   6937 |  11 |  912.4 |
       Dungeon |   9801 |   9383 |    418 |   1010 |   6772 |  10 |  980.1 |
        Temple |    234 |    191 |     43 |      0 |    164 |   1 |  234.0 |
               +--------+--------+--------+--------+--------+-----+--------+

Top non-repeatable levels by time:
     D:5: 1359 daAuts
     D:4: 1211 daAuts
     D:9: 1178 daAuts
     D:6: 1049 daAuts
     D:7: 1018 daAuts
     D:2: 972 daAuts
     D:8: 918 daAuts
     D:1: 871 daAuts
     D:3: 701 daAuts
    D:10: 520 daAuts
  Temple: 234 daAuts
